 Dungeon Crawl Stone Soup version 0.23-a0-336-g43d87f4c55 (webtiles) character file.

10297 Banto the Envoy of Void (level 11, -6/81 HPs)
             Began as a Demonspawn Abyssal Knight on Oct 18, 2018.
             Was a High Priest of Lugonu.
             Mangled by a blink frog (13 damage)
             ... on level 1 of the Lair of Beasts.
             The game lasted 00:25:58 (17263 turns).

Banto the Envoy of Void (DsAK)                     Turns: 17263, Time: 00:25:59

Health: -6/81      AC: 16    Str: 11    XL:     11   Next: 34%
Magic:  19/19      EV: 10    Int: 18    God:    Lugonu [*****.]
Gold:   718        SH: 11    Dex: 12    Spells: 10/10 levels left

rFire    + . .     SeeInvis .   u - +0 trident
rCold    . . .     Gourm    .   B - +0 buckler
rNeg     + . .     Faith    .   e - +4 scale mail of Resourcefulness {rCorr Int+3 Stlth+}
rPois    .         Spirit   .   (helmet restricted)
rElec    .         Reflect  .   d - +0 cloak
rCorr    +         Harm     .   y - +0 pair of gloves
MR       .....     Clarity  +   x - +1 pair of boots
Stlth    +.........             p - amulet of the acrobat
HPRegen  0.23/turn              n - ring of resist corrosion
MPRegen  0.16/turn              v - ring of positive energy

@: no status effects
A: antennae 2, large bone plates 2, clarity, clumsy 1, fire resistance 1, weak 1
a: Depart the Abyss, Bend Space, Banish, Corrupt, Enter the Abyss, Renounce
Religion


You were on level 1 of the Lair of Beasts.
You worshipped Lugonu.
Lugonu was extremely pleased with you.
You were very hungry.

You visited 3 branches of the dungeon, and saw 13 of its levels.
You visited the Abyss 1 time.

You collected 718 gold pieces.

Inventory:

Hand Weapons
 u - a +0 trident (weapon)
Missiles
 o - 2 throwing nets (quivered)
Armour
 d - a +0 cloak (worn)
 e - the +4 scale mail of Resourcefulness (worn) {rCorr Int+3 Stlth+}
   (You found it on level 5 of the Dungeon)

   It affects your intelligence (+3).
   It provides partial protection from all sources of acid and corrosion.
   It makes you more stealthy.
 x - a +1 pair of boots (worn)
 y - a +0 pair of gloves (worn)
 B - a +0 buckler (worn)
Jewellery
 n - a ring of resist corrosion (left hand)
 p - an amulet of the acrobat (around neck)
 v - a ring of positive energy (right hand)
 H - an uncursed amulet of harm {unknown}
Wands
 q - a wand of digging (8)
 r - a wand of random effects (24)
 A - a wand of flame (35)
 D - a wand of acid (4)
 E - a wand of iceblast (3)
 G - a wand of polymorph (15)
Scrolls
 a - 3 scrolls of identify
 h - 5 scrolls of teleportation
 i - 3 scrolls of fog
 C - 2 scrolls of remove curse
Potions
 g - 4 potions of curing
 j - a potion of flight
 k - a potion of magic
 l - a potion of heal wounds
 m - 2 potions of haste
 s - 2 potions of agility
 t - a potion of resistance
 w - 2 potions of might
 z - 2 potions of brilliance
 F - a potion of ambrosia
Comestibles
 c - 11 rations


   Skills:
 + Level 6.2 Fighting
 - Level 11.0 Polearms
 + Level 5.3 Armour
 + Level 5.0 Dodging
 - Level 4.0 Shields
 - Level 11.0 Invocations


You had 10 spell levels left.
You didn't know any spells.
Your spell library contained the following spells:

 Spells                   Type           Power        Failure   Level  Hunger
 Freeze                   Ice            #...         73%         1    ##.....
 Pain                     Necr           #...         73%         1    ##.....
 Sandblast                Erth           #.....       73%         1    ##.....
 Summon Small Mammal      Summ           #...         73%         1    ##.....
 Call Imp                 Summ           #.......     86%         2    ###....
 Passwall                 Tmut/Erth      #.......     86%         2    ###....
 Throw Frost              Conj/Ice       #.....       86%         2    ###....
 Call Canine Familiar     Summ           #.......     97%         3    ####...
 Ozocubu's Armour         Chrm/Ice       #.......     97%         3    ####...
 Stone Arrow              Conj/Erth      #.....       97%         3    ####...
 Summon Guardian Golem    Hex/Summ       #.......     97%         3    ####...
 Petrify                  Tmut/Erth      #.......     100%        4    #####..
 Summon Ice Beast         Ice/Summ       #.......     100%        4    #####..
 Summon Lightning Spire   Summ/Air       #.......     100%        4    #####..
 Throw Icicle             Conj/Ice       #.......     100%        4    #####..
 Lee's Rapid Deconstruct  Erth           #.........   100%        5    ######.


Dungeon Overview and Level Annotations

Branches:
Dungeon (11/15)            Temple (1/1) D:5            Lair (1/6) D:8
    Orc (0/2) D:10

Altars:
Cheibriados
Dithmenos
Fedhas
Gozag
Ru
Sif Muna
Uskayaw
Vehumet
Wu Jian
Zin
The Shining One

Annotations:
D:3 Purgy
D:10 3 runed doors, motoroller71's ghost, journeyman GnFi


Innate Abilities, Weirdness & Mutations

You have a pair of antennae on your head.
You are mostly covered in large bone plates. (SH +6)
Your flesh is heat resistant. (rF+)
You possess an exceptional clarity of mind.
You are clumsy. (Dex -2)
You are weak. (Str -2)


Message History

You block the blink frog's attack.
Unknown command.
Unknown command.
Unknown command.
Attack whom?
Press: ? - help, Dir - move target cursor, f - blink frog
Aim: a blink frog (almost dead)
You puncture the blink frog!
You kill the blink frog!
Lugonu accepts your kill.
Your Dodging skill increases to level 5!
The blink frog closely misses you.
Unknown command.
Attack whom?
Press: ? - help, Dir - move target cursor, f - insubstantial wisp
Aim: an insubstantial wisp (heavily damaged)
You miss the insubstantial wisp.
The insubstantial wisp is heavily damaged.
The blink frog hits you!
You die...

### ##.## ... ###...#
... #####.....# ....
#.........# ...# ..
##....###..##...##
....#....####[........
.........###..........
...........@v.........
...........F<.........
......................
......................
......................
##....................
.....................
....)..........≈≈≈≈≈.
...........≈≈≈≈≈≈


You could see a blink frog and an insubstantial wisp.

Vanquished Creatures
  A hornet (D:9)
  3 trolls
  A hippogriff (D:9)
  4 blink frogs
  Sigmund (D:3)
  A wraith (D:8)
  6 yaks
  A hungry ghost (D:8)
  A vampire mosquito (D:8)
  2 swamp drakes
  8 orc warriors
  6 sky beasts
  3 black bears
  4 ice beasts
  5 ogres
  A crocodile (D:8)
  A centaur (D:10)
  5 bullfrogs
  4 scorpions
  18 killer bees
  3 howler monkeys (D:9)
  8 wights
  A vampire bat (D:5)
  7 crimson imps
  A quasit (D:10)
  2 bullfrog zombies
  13 orc wizards
  7 hounds
  4 centaur skeletons
  5 orc priests
  3 gnoll shamans
  6 jellies
  Ijyb (D:3)
  4 bullfrog skeletons
  Jessica (D:2)
  6 iguanas
  7 worker ants
  A hound zombie (D:7)
  A howler monkey zombie (D:8)
  11 gnolls
  9 adders
  An adder zombie (D:8)
  An adder skeleton (D:9)
  2 worms
  A dart slug (D:1)
  6 leopard geckos
  100 orcs
  4 giant cockroaches
  2 goblins (D:1)
  3 hobgoblins (D:3)
  18 jackals
  6 kobolds
  6 quokkas
  14 bats
  3 frilled lizards
  A giant cockroach zombie (D:5)
  A jackal skeleton (D:8)
  A quokka skeleton (D:6)
  A quokka zombie (D:5)
  8 rats
356 creatures vanquished.

Vanquished Creatures (others)
  A spiny frog (D:8)
  2 vampire mosquitoes (D:8)
  An orc warrior (D:10)
  An iguana (D:7)
  A gnoll (D:10)
  An orc (D:10)
7 creatures vanquished.

Grand Total: 363 creatures vanquished

Notes
Turn   | Place    | Note
-------+----------+-------------------------------------------
     0 | Abyss:1  | Banto the Demonspawn Abyssal Knight began the quest for the
                  | Orb.
     0 | Abyss:1  | Reached XP level 1. HP: 18/18 MP: 2/2
    93 | D:1      | Escaped the Abyss
   385 | D:1      | Gained mutation: You are partially covered in large bone
                  | plates. (SH +4) [demonic ancestry]
   385 | D:1      | Reached XP level 2. HP: 21/24 MP: 2/4
   553 | D:1      | Found a glowing golden altar of the Shining One.
  1074 | D:2      | Noticed Jessica
  1175 | D:2      | Killed Jessica
  1175 | D:2      | Gained mutation: You have a pair of small antennae on your
                  | head. [demonic ancestry]
  1175 | D:2      | Reached XP level 3. HP: 16/29 MP: 5/5
  1376 | D:2      | Found a shadowy altar of Dithmenos.
  1566 | D:3      | Noticed Ijyb
  1917 | D:3      | Killed Ijyb
  1917 | D:3      | Reached XP level 4. HP: 19/35 MP: 7/7
  1969 | D:3      | Noticed Purgy
  2099 | D:2      | You fall through a shaft for 2 floors!
  2188 | D:4      | Noticed an ogre
  2217 | D:4      | Killed an ogre
  2217 | D:4      | Reached skill level 5 in Invocations
  2217 | D:4      | Reached XP level 5. HP: 10/41 MP: 7/9
  2607 | D:3      | Reached ** piety under Lugonu
  2608 | D:3      | Found a faded altar of an unknown god.
  2765 | D:3      | Noticed Sigmund
  2805 | D:3      | Killed Sigmund
  2805 | D:3      | Gained mutation: You are mostly covered in large bone
                  | plates. (SH +6) [demonic ancestry]
  2805 | D:3      | Reached XP level 6. HP: 28/47 MP: 9/11
  2847 | D:3      | Found an ornate altar of the Wu Jian Council.
  3202 | D:4      | Reached skill level 5 in Polearms
  3221 | D:4      | Reached XP level 7. HP: 46/52 MP: 12/12
  3520 | D:5      | Entered Level 5 of the Dungeon
  4115 | D:5      | Reached *** piety under Lugonu
  4149 | D:5      | HP: 2/52 [centaur skeleton (6)]
  4326 | D:5      | Got a bloodstained scale mail
  4506 | D:5      | Found a staircase to the Ecumenical Temple.
  5117 | D:6      | Identified the +4 scale mail of Resourcefulness {rCorr
                  | Int+3 Stlth+} (You found it on level 5 of the Dungeon)
  5156 | D:6      | Gained mutation: Your flesh is heat resistant. (rF+)
                  | [demonic ancestry]
  5156 | D:6      | Reached XP level 8. HP: 40/58 MP: 14/14
  6919 | D:6      | Reached skill level 10 in Invocations
  7690 | Temple   | Entered the Ecumenical Temple
  7972 | D:6      | Reached **** piety under Lugonu
  8243 | D:7      | Reached XP level 9. HP: 50/63 MP: 17/17
  8315 | D:7      | HP: 3/63 [ogre/+0 giant club (21)]
  8785 | D:7      | Found a radiant altar of Vehumet.
  9139 | D:7      | Reached skill level 1 in Shields
  9515 | D:7      | Found a hide-covered altar of Uskayaw.
 10696 | D:8      | Identified the cursed +1 scale mail of Miracles {SInv}
 10858 | D:8      | Found a sacrificial altar of Ru.
 10893 | D:8      | Reached ***** piety under Lugonu
 11015 | D:8      | Reached skill level 10 in Polearms
 11015 | D:8      | Reached XP level 10. HP: 48/70 MP: 18/18
 11195 | D:8      | Found a staircase to the Lair.
 11606 | D:8      | Found a deep blue altar of Sif Muna.
 11668 | D:8      | Identified Sif Muna's Collected Works on Evil
 12057 | D:9      | Reached skill level 1 in Dodging
 12304 | D:9      | Found a blossoming altar of Fedhas.
 12338 | D:9      | Found a snail-covered altar of Cheibriados.
 12616 | D:9      | Found a glowing silver altar of Zin.
 13346 | D:10     | Entered Level 10 of the Dungeon
 13950 | D:9      | Gained mutation: You are weak. (Str -2) [potion of
                  | mutation]
 13950 | D:9      | Gained mutation: You are clumsy. (Dex -2) [potion of
                  | mutation]
 13950 | D:9      | Gained mutation: You possess an exceptional clarity of
                  | mind. [potion of mutation]
 13983 | D:10     | Reached skill level 5 in Fighting
 13988 | D:10     | Paralysed by a hornet for 2 turns
 14433 | D:10     | Gained mutation: You have a pair of antennae on your head.
                  | [demonic ancestry]
 14433 | D:10     | Reached XP level 11. HP: 49/80 MP: 19/19
 14817 | D:10     | Found a staircase to the Orcish Mines.
 14885 | D:10     | Reached ****** piety under Lugonu
 15038 | D:10     | Found a runed gate.
 15038 | D:10     | Found a runed gate.
 15039 | D:10     | Found a runed gate.
 15048 | D:10     | Noticed motoroller71's ghost (journeyman GnFi)
 15049 | D:10     | Found an opulent altar of Gozag.
 15793 | D:11     | Noticed an eight-headed hydra
 16229 | Lair:1   | Entered Level 1 of the Lair of Beasts
 16263 | D:8      | HP: 1/81 [black mamba (4)]
 17004 | D:8      | Reached skill level 5 in Armour
 17262 | Lair:1   | Reached skill level 5 in Dodging
 17263 | Lair:1   | Mangled by a blink frog

Vault maps used:
D:1:      mrwooster_arrival_statue, minmay_misc_feat_rugged,
          minmay_misc_feat_tower, tso_altar
D:2:      nicolae_overflow_crystal_walls, uniq_jessica
D:3:      lemuel_crystal_altar, chequers_ecumenical_altar_simple_redux,
          minmay_misc_feat_columns, hangedman_glass_teeth, kennysheep_doodads,
          uniq_purgy, uniq_ijyb, uniq_sigmund
D:5:      minmay_temple_entry_mist, first_ration, roderic_batcave
D:7:      kennysheep_mini, vehumet_altar_wand_db, minmay_misc_feat_roman
D:8:      led_sif_book, nicolae_ru_awakened_eye, lair_entry_dummy
D:9:      cheibrodos_worm_habitat, chequers_temple_overflow_statue_of_worship,
          special_room
D:10:     hiddenorc2_lemuel, ebering_ghost_gozag
Temple:   oiseaux_autumnal_temple
Lair:1:   pond, lemuel_fruit_tree

Skill      XL: |  1  2  3  4  5  6  7  8  9 10 11 |
---------------+----------------------------------+-----
Polearms       | 2 3 4 5 6 7 10 11 | 11.0
Invocations    | 3 4 5 6 7 8 10 11 | 11.0
Shields        | 4 |  4.0
Armour         | 4 5 |  5.3
Dodging        | 3 5 |  5.0
Fighting       | 5 6 |  6.2

Action                   |  1- 3 |  4- 6 |  7- 9 | 10-12 || total
-------------------------+-------+-------+-------+-------++-------
Melee: Spear             |   112 |   190 |   292 |       ||   594
       Trident           |       |       |   785 |  1224 ||  2009
Throw: Throwing net      |       |       |       |     2 ||     2
Invok: Banish            |       |       |     1 |     5 ||     6
Evoke: Wand              |       |       |    17 |    12 ||    29
  Use: Scroll            |       |       |    17 |     5 ||    22
       Potion            |       |       |     3 |     4 ||     7
 Stab: Sleeping          |       |       |     1 |       ||     1
       Paralysed         |       |       |    10 |     4 ||    14
       Confused          |       |       |     1 |       ||     1
  Eat: Chunk             |     2 |     5 |    20 |    20 ||    47
       Ration            |       |       |     2 |     2 ||     4
Armor: Leather armour    |    19 |       |       |       ||    19
       Ring mail         |     9 |    62 |    73 |       ||   144
       Scale mail        |       |       |   299 |   361 ||   660
       Skin              |       |       |     5 |       ||     5
Dodge: Dodged            |    44 |    59 |   316 |   351 ||   770
Block: Other             |    16 |    35 |   161 |       ||   212
       Buckler           |       |       |   137 |   543 ||   680

Table legend:
 A = Non-vault XP
 B = Vault XP
 C = Vault XP percentage of total XP
 D = Non-vault monster count
 E = Vault monster count
 F = Vault count percentage of total count
                 A         B        C        D         E       F
            +---------+---------+-------+---------+---------+-------
      Total |   12826 |    1884 |  12.8 |     290 |      71 |  19.7
            +---------+---------+-------+---------+---------+-------
        D:1 |      20 |       0 |   0.0 |      14 |       0 |   0.0
        D:2 |       8 |      37 |  82.2 |       3 |       1 |  25.0
        D:3 |      67 |     277 |  80.5 |      24 |       2 |   7.7
        D:4 |     434 |       0 |   0.0 |      21 |       0 |   0.0
        D:5 |     638 |      64 |   9.1 |      27 |       8 |  22.9
        D:6 |     983 |       0 |   0.0 |      38 |       0 |   0.0
        D:7 |    1431 |       2 |   0.1 |      27 |       1 |   3.6
        D:8 |    3098 |     792 |  20.4 |      54 |       8 |  12.9
        D:9 |    3190 |     223 |   6.5 |      39 |      19 |  32.8
       D:10 |    1737 |     359 |  17.1 |      29 |      31 |  51.7
       D:11 |     516 |       0 |   0.0 |      10 |       0 |   0.0
     Lair:1 |     704 |     130 |  15.6 |       4 |       1 |  20.0
            +---------+---------+-------+---------+---------+-------

Table legend:
 A = Turns spent in this place as a percentage of turns spent in the entire game.
 B = Non-inter-level travel turns spent in this place as a percentage of non-inter-level travel turns spent in the entire game.
 C = Inter-level travel turns spent in this place as a percentage of turns spent in this place.
 D = Turns resting spent in this place as a percentage of non-inter-level travel turns spent in this place.
 E = Turns spent auto-exploring this place as a percentage of non-inter-level travel turns spent in this place.
 F = Non-inter-level travel turns spent in this place divided by the number of levels of this place that you've seen.
                   A       B       C       D       E      F
               +-------+-------+-------+-------+-------+----------------------
         Total | 100.0 | 100.0 |   4.7 |  37.9 |  29.6 | 1174.8
       Dungeon |  98.9 |  98.9 |   4.8 |  38.4 |  29.9 | 1478.3
        Temple |   0.0 |   0.0 |   0.0 |   0.0 |   0.0 |   2.0
          Lair |   0.5 |   0.6 |   1.1 |   0.0 |   8.8 |  91.0
         Abyss |   0.5 |   0.6 |   0.0 |   0.0 |   0.0 |  93.0
               +-------+-------+-------+-------+-------+----------------------

Table legend:
 A = Kills in this place as a percentage of kills in entire the game.
 B = Kills by you in this place as a percentage of kills by you in the entire game.
 C = Kills by friends in this place as a percentage of kills by friends in the entire game.
 D = Other kills in this place as a percentage of other kills in the entire game.
 E = Experience gained in this place as a percentage of experience gained in the entire game.
 F = Experience gained in this place divided by the number of levels of this place that you have seen.
                   A       B       C       D       E      F
               +-------+-------+-------+-------+-------+----------------------
         Total | 100.0 | 100.0 |   N/A | 100.0 | 100.0 | 1050.7
       Dungeon |  98.6 |  98.6 |   N/A | 100.0 |  94.3 | 1261.5
          Lair |   1.4 |   1.4 |   N/A |   0.0 |   5.7 | 834.0
               +-------+-------+-------+-------+-------+----------------------
